[Event "Portuguese-ch U10-12 2022"]
[Site "Fatima"]
[Date "2022.04.11"]
[Round "3.8"]
[White "Araujo, Ricardo Franca P D"]
[Black "Adhya, Havir"]
[Result "1-0"]
[ECO "C50"]
[WhiteElo "1405"]
[BlackElo "1216"]
[Annotator "NA RC"]
[PlyCount "93"]
[EventDate "2022.04.10"]
[EventType "swiss"]
[EventCountry "POR"]
[SourceTitle "playchess.com"]
[Source "ChessBase"]
[SourceQuality "1"]
[TimeControl "5400+30"]

1. e4 e5 2. Nf3 Nc6 3. Bc4 Bc5 4. d3 Nf6 5. O-O d6 6. c3 Bg4 7. Nbd2 O-O 8. Re1 a6 9. Nf1 Ne7 10. h3 Be6 11. Bb3 Qd7 12. Ng3 h6 13. d4 exd4 14. cxd4 Bb4 15. Re2 c6 16. Be3 d5 17. e5 Nh7 18. Ne1 Bxe1 19. Rxe1 Rfe8 20. Bc2 Nf5 21. Qd3 g6 22. Nxf5 Bxf5 23. Qd2 Bxc2 24. Qxc2 Kg7 25. Qd2 g5 26. f4 Qe7 27. f5 f6 28. e6 Qd6 29. Qe2 Nf8 30. Bd2 Re7 31. a3 a5 32. Qh5 c5 33. h4 cxd4 34. hxg5 hxg5 35. Bxg5 fxg5 36. f6+ Kxf6 37. Rf1+ Kg7 38. Qxg5+ Ng6 39. Rf6 Rxe6 40. Qxg6+ Kh8 41. Rxe6 Qc5 42. Qh6+ Kg8 43. Rg6+ Kf7 44. Rg7+ Ke8 45. Qh8+ Qf8 46. Re1+ Kd8 47. Qxf8# 1-0

[Event "Portuguese-ch U10-12 2022"]
[Site "Fatima"]
[Date "2022.04.12"]
[Round "4.1"]
[White "Silva, Daniel Medeiros Avel"]
[Black "De Sousa Silva, Lucas Jose"]
[Result "0-1"]
[ECO "A43"]
[WhiteElo "2024"]
[BlackElo "1656"]
[Annotator "RC"]
[PlyCount "38"]
[EventDate "2022.04.10"]
[EventType "swiss"]
[EventCountry "POR"]
[SourceTitle "playchess.com"]
[Source "ChessBase"]
[SourceQuality "1"]
[TimeControl "5400+30"]

1. d4 Nf6 2. c4 c5 3. d5 d6 4. Qc2 g6 5. Nc3 Bg7 6. e4 O-O 7. Be2 e6 8. dxe6 fxe6 9. Be3 Nc6 10. a3 e5 11. Nd5 Nd4 12. Bxd4 cxd4 13. Nxf6+ Qxf6 14. Nf3 Bd7 15. O-O Rac8 16. b4 b5 17. c5 dxc5 18. bxc5 Qc6 19. Ng5 Bh6 0-1

[Event "Portuguese-ch U10-12 2022"]
[Site "Fatima"]
[Date "2022.04.12"]
[Round "4.2"]
[White "Almeida, Diogo Rodrigues Sant"]
[Black "Albuquerque, Eduardo Ferreira"]
[Result "0-1"]
[ECO "B13"]
[WhiteElo "1467"]
[BlackElo "1828"]
[Annotator "NA RC"]
[PlyCount "50"]
[EventDate "2022.04.10"]
[EventType "swiss"]
[EventCountry "POR"]
[SourceTitle "playchess.com"]
[Source "ChessBase"]
[SourceQuality "1"]
[TimeControl "5400+30"]

1. e4 c6 2. d4 d5 3. exd5 cxd5 4. Nf3 Nf6 5. Bd3 Bg4 6. O-O e6 7. c3 Bd6 8. Qa4+ Nbd7 9. Ne5 O-O 10. f4 a6 11. Qc2 Bh5 12. a4 Bg6 13. Nxg6 hxg6 14. Nd2 Rc8 15. Nf3 Qb6 16. Kh1 Nb8 17. h3 Nh5 $15 18. Rf2 Nxf4 19. Bxf4 Bxf4 20. Ne5 Bxe5 21. dxe5 Nc6 22. Re1 Nb4 23. cxb4 Rxc2 24. Rxc2 Qxb4 25. Ra1 Qd4 0-1

[Event "Portuguese-ch U10-12 2022"]
[Site "Fatima"]
[Date "2022.04.12"]
[Round "4.3"]
[White "Farias, David Nuno M E"]
[Black "Frolov, Ilya"]
[Result "1-0"]
[ECO "B34"]
[WhiteElo "1826"]
[BlackElo "1271"]
[Annotator "NA RC"]
[PlyCount "131"]
[EventDate "2022.04.10"]
[EventType "swiss"]
[EventCountry "POR"]
[SourceTitle "playchess.com"]
[Source "ChessBase"]
[SourceQuality "1"]
[TimeControl "5400+30"]

1. e4 c5 2. Nf3 Nc6 3. d4 cxd4 4. Nxd4 Nf6 5. Nc3 e5 6. Ndb5 d6 7. Bg5 a6 8. Bxf6 gxf6 9. Na3 b5 10. Nd5 Bg7 11. g3 Be6 12. Bg2 O-O 13. c3 Rc8 14. Nc2 f5 15. exf5 Bxf5 16. Nce3 Be6 17. O-O Ne7 18. a4 Nxd5 19. Bxd5 Qd7 20. Qf3 Rc5 21. a5 Rb8 22. Qe4 Rbc8 23. Rfd1 Rd8 24. Kh1 Kh8 25. Qg2 Bh6 26. Nc2 Bh3 27. Qe4 Bf5 28. Qe2 Be6 29. Nb4 Qc8 30. Kg1 Bg7 31. Qe4 Bxd5 32. Rxd5 Rxd5 33. Qxd5 Rd7 34. Rd1 Bf8 35. Qc6 Qxc6 36. Nxc6 f5 37. Nxe5 Re7 38. Nf3 Rf7 39. Rd5 h6 40. Nd4 f4 41. Ne6 fxg3 42. hxg3 Be7 43. Nd4 Rf6 44. Nc6 Bf8 45. Nb8 Rf7 46. Nc6 Rd7 47. Nb4 Ra7 48. Rd3 Kh7 49. Re3 Kg8 50. Re8 Kf7 51. Rc8 Re7 52. Kf1 Ra7 53. Rc6 Ke6 54. Rxa6 Rxa6 55. Nxa6 Kd7 56. Nb4 Kc7 57. Ke2 Kb7 58. Kd3 Bg7 59. Ke4 Bf6 60. Nd5 Bd8 61. b4 Ka6 62. f4 h5 63. f5 h4 64. gxh4 Bxh4 65. f6 Bxf6 66. Nxf6 1-0

[Event "Portuguese-ch U10-12 2022"]
[Site "Fatima"]
[Date "2022.04.12"]
[Round "4.4"]
[White "Tomas Falcon, Jesus"]
[Black "Cymbron, Victoria"]
[Result "0-1"]
[ECO "A67"]
[WhiteElo "2244"]
[BlackElo "1494"]
[Annotator "RC"]
[PlyCount "82"]
[EventDate "2022.04.10"]
[EventType "swiss"]
[EventCountry "POR"]
[SourceTitle "playchess.com"]
[Source "ChessBase"]
[SourceQuality "1"]
[TimeControl "5400+30"]

1. d4 Nf6 2. c4 c5 3. d5 e6 4. Nc3 exd5 5. cxd5 d6 6. e4 g6 7. f4 Bg7 8. Bb5+ Nfd7 9. Be2 O-O 10. Nf3 Re8 11. O-O Na6 12. Bxa6 bxa6 13. Re1 Rb8 14. Qc2 Nb6 15. h3 a5 16. Be3 Nc4 17. Bc1 Ba6 18. Nd2 Bd4+ 19. Kh1 Ne3 20. Qb1 Nxg2 21. Kxg2 Bxc3 22. Qc2 Bg7 23. Nf3 Qd7 24. Rb1 Bc8 25. Rh1 Rb4 26. Nd2 Bh6 27. Nc4 Ba6 28. b3 Bxc4 29. bxc4 Qe7 30. Re1 Qh4 31. Rf1 Qf6 32. Bb2 Qe7 33. Rbe1 Reb8 34. Ba1 Bg7 35. Bxg7 Kxg7 36. Rb1 Qf6 37. Rb3 a4 38. Rxb4 Rxb4 39. Kg3 Rb2 40. Qxa4 Qc3+ 41. Rf3 Qe1+ 0-1

[Event "Portuguese-ch U10-12 2022"]
[Site "Fatima"]
[Date "2022.04.12"]
[Round "4.5"]
[White "Faryma, Matviy"]
[Black "Tarelho, Bruna Silva"]
[Result "1/2-1/2"]
[ECO "C50"]
[WhiteElo "1426"]
[BlackElo "1187"]
[Annotator "NA RC"]
[PlyCount "67"]
[EventDate "2022.04.10"]
[EventType "swiss"]
[EventCountry "POR"]
[SourceTitle "playchess.com"]
[Source "ChessBase"]
[SourceQuality "1"]
[TimeControl "5400+30"]

1. e4 e5 2. Nf3 Nc6 3. Bc4 Bc5 4. d3 h6 5. Nc3 Nf6 6. h3 d6 7. Be3 Bb6 8. Qd2 Be6 9. Bb3 Qd7 10. O-O-O O-O-O 11. d4 exd4 12. Nxd4 Ba5 13. f3 Kb8 14. Ba4 Rhg8 15. Nxc6+ bxc6 16. Qd3 Bb6 17. Rhe1 Kb7 18. f4 Qe8 19. g4 g5 20. f5 Bc8 21. a3 Kb8 22. Kb1 Bb7 23. Bxb6 axb6 24. Nd5 Nd7 25. Ne3 Nc5 26. Qd4 Qxe4 27. Qxe4 Nxe4 28. Bb3 d5 29. c4 Nc5 30. Ba2 Rge8 31. cxd5 cxd5 32. b4 Ne4 33. Kc2 Nf6 34. b5 1/2-1/2

[Event "Portuguese-ch U10-12 2022"]
[Site "Fatima"]
[Date "2022.04.12"]
[Round "4.6"]
[White "Savchenko, Alexandr"]
[Black "Nogueira, Rafael Calade"]
[Result "1-0"]
[ECO "A40"]
[WhiteElo "2130"]
[BlackElo "1263"]
[Annotator "RC"]
[PlyCount "105"]
[EventDate "2022.04.10"]
[EventType "swiss"]
[EventCountry "POR"]
[SourceTitle "playchess.com"]
[Source "ChessBase"]
[SourceQuality "1"]
[TimeControl "5400+30"]

1. d4 c6 2. Nf3 d5 3. c3 Bf5 4. Bf4 e6 5. Nbd2 Bd6 6. e3 Bxf4 7. exf4 Nf6 8. Qb3 Qc7 9. g3 Nbd7 10. Bg2 O-O 11. O-O c5 12. Rac1 Rac8 13. Qd1 Qb6 14. Qb3 Ne4 15. Nxe4 Bxe4 16. Ne5 Bxg2 17. Qxb6 Nxb6 18. Kxg2 f6 19. Nd3 Nd7 20. Rfe1 Rfe8 21. b4 b6 22. Kf3 Kf7 23. g4 Rc7 24. h4 Rec8 25. a3 cxd4 26. cxd4 Rxc1 27. Rxc1 Rxc1 28. Nxc1 e5 29. Ke3 exd4+ 30. Kxd4 Ke6 31. f5+ Kd6 32. f4 a6 33. Ne2 Nb8 34. Nc1 Nc6+ 35. Kc3 d4+ 36. Kc4 b5+ 37. Kd3 Kd5 38. h5 h6 39. Nb3 Kd6 40. Nc5 a5 41. Nb7+ Kc7 42. Nxa5 Nxa5 43. bxa5 Kb7 44. Kxd4 Ka6 45. g5 Kxa5 46. Kc5 Ka4 47. Kb6 b4 48. axb4 Kxb4 49. gxh6 gxh6 50. Kc6 Kc4 51. Kd6 Kd4 52. Ke6 Ke4 53. Kxf6 1-0

[Event "Portuguese-ch U10-12 2022"]
[Site "Fatima"]
[Date "2022.04.12"]
[Round "4.7"]
[White "Filipe, Gustavo Castro"]
[Black "Araujo, Ricardo Franca P D"]
[Result "1/2-1/2"]
[ECO "A30"]
[WhiteElo "1401"]
[BlackElo "1405"]
[Annotator "NA RC"]
[PlyCount "60"]
[EventDate "2022.04.10"]
[EventType "swiss"]
[EventCountry "POR"]
[SourceTitle "playchess.com"]
[Source "ChessBase"]
[SourceQuality "1"]
[TimeControl "5400+30"]

1. c4 c5 2. g3 e6 3. Bg2 Nf6 4. Nf3 d5 5. cxd5 exd5 6. d4 cxd4 7. Nxd4 Nc6 8. O-O Bc5 9. Nxc6 bxc6 10. Nd2 O-O 11. Nb3 Bb6 12. Qc2 Qd7 13. Rd1 Re8 14. e3 Qc7 15. Nc5 Bg4 16. Rd4 Qe7 17. b4 Bh5 18. Rd2 Bxc5 19. Qxc5 Qxc5 20. bxc5 Ne4 21. Bxe4 Rxe4 22. Rd4 f5 23. Rb1 Kf7 24. Rb7+ Re7 25. Rxe7+ Kxe7 26. Rb4 Rd8 27. Bb2 g6 28. Ra4 Rd7 29. Rb4 Be2 30. Rb8 Ke6 1/2-1/2

[Event "Portuguese-ch U10-12 2022"]
[Site "Fatima"]
[Date "2022.04.12"]
[Round "4.8"]
[White "Moldovan, Lucas Gabriel"]
[Black "Valente, Sofia"]
[Result "1/2-1/2"]
[ECO "B01"]
[WhiteElo "1575"]
[BlackElo "1410"]
[Annotator "NA RC"]
[PlyCount "142"]
[EventDate "2022.04.10"]
[EventType "swiss"]
[EventCountry "POR"]
[SourceTitle "playchess.com"]
[Source "ChessBase"]
[SourceQuality "1"]
[TimeControl "5400+30"]

1. e4 d5 2. exd5 Nf6 3. d4 Bg4 4. Bb5+ Nbd7 5. f3 Bf5 6. Nc3 a6 7. Ba4 b5 8. Bb3 Nb6 9. Nge2 Nbxd5 10. Nxd5 Nxd5 11. O-O e6 12. Ng3 Bg6 13. f4 Ne7 14. Qf3 f5 15. Bxe6 Bf7 16. Bxf7+ Kxf7 17. Re1 g6 18. Qe3 Qd5 19. Qe5 Qxe5 20. dxe5 Ke6 21. Be3 Nd5 22. Nf1 Bb4 23. Red1 Rad8 24. c3 Ba5 25. g3 Rd7 26. Rd3 Rhd8 27. Rad1 c6 28. Bc5 Bb6 29. Bxb6 Nxb6 30. Rxd7 Rxd7 31. Rxd7 Kxd7 32. Ne3 Na4 33. Nd1 Nc5 34. Kf2 Ke6 35. Ke3 Nd7 36. Nf2 Kd5 37. Nd3 a5 38. Nc1 Nb6 39. Kd3 Na4 40. b3 Nb6 41. Ne2 c5 42. c4+ bxc4+ 43. bxc4+ Ke6 44. Nc3 h6 45. Nb5 Na8 46. Nd6 Kd7 47. Nb7 Kc6 48. Nxa5+ Kb6 49. Nb3 Nc7 50. Nc1 Kc6 51. Ne2 Ne6 52. Nc3 g5 53. Nd5 Kd7 54. a4 Ng7 55. a5 Kc8 56. Kc3 Kb7 57. Kb3 Ne6 58. Ne7 Nd4+ 59. Kc3 gxf4 60. gxf4 Ka6 61. Kd3 Kxa5 62. h4 h5 63. Ng8 Ne6 64. Ne7 Nd4 65. Nxf5 Nxf5 66. Ke4 Nd4 67. f5 Kb6 68. f6 Kc6 69. f7 Ne6 70. Kf5 Kd7 71. Kf6 Nf8 1/2-1/2

[Event "Portuguese-ch U10-12 2022"]
[Site "Fatima"]
[Date "2022.04.12"]
[Round "5.1"]
[White "De Sousa Silva, Lucas Jose"]
[Black "Albuquerque, Eduardo Ferreira"]
[Result "1/2-1/2"]
[ECO "B19"]
[WhiteElo "1656"]
[BlackElo "1828"]
[Annotator "NA RC"]
[PlyCount "61"]
[EventDate "2022.04.10"]
[EventType "swiss"]
[EventCountry "POR"]
[SourceTitle "playchess.com"]
[Source "ChessBase"]
[SourceQuality "1"]
[TimeControl "5400+30"]

1. e4 c6 2. d4 d5 3. Nc3 dxe4 4. Nxe4 Bf5 5. Ng3 Bg6 6. h4 h6 7. Nf3 Nd7 8. Bd3 Bxd3 9. Qxd3 Ngf6 10. O-O e6 11. c4 Qc7 12. a3 Bd6 13. Ne2 O-O-O 14. c5 Nxc5 15. Qc2 Ncd7 16. g3 Nd5 17. b4 Kb8 18. Bd2 N7f6 19. Rfc1 e5 20. b5 e4 21. Ne5 c5 22. Nf4 Bxe5 23. Nxd5 (23. dxe5 $17 e3 24. exf6 (24. Bxe3 $2 Nxe3 25. Qe2 Nfd5 $19) 24... exd2 25. Qxd2 Nxf6 26. Qb2) 23... Nxd5 24. dxe5 Qxe5 25. Qxc5 Rhe8 26. Rd1 {[%emt 0:03:32] [#]} Rc8 (26... g5 $1 $19 27. hxg5 hxg5) 27. Qxd5 $15 {[%emt 0:01:12] Remove Defender} Qxd5 28. Bf4+ Qe5 29. Bxe5+ Rxe5 30. Rd7 Rc7 31. Rd8+ 1/2-1/2

[Event "Portuguese-ch U10-12 2022"]
[Site "Fatima"]
[Date "2022.04.12"]
[Round "5.2"]
[White "Cymbron, Victoria"]
[Black "Farias, David Nuno M E"]
[Result "0-1"]
[ECO "B23"]
[WhiteElo "1494"]
[BlackElo "1826"]
[Annotator "NA RC"]
[PlyCount "66"]
[EventDate "2022.04.10"]
[EventType "swiss"]
[EventCountry "POR"]
[SourceTitle "playchess.com"]
[Source "ChessBase"]
[SourceQuality "1"]
[TimeControl "5400+30"]

1. e4 c5 2. Nc3 e6 3. f4 Nc6 4. Nf3 a6 5. a4 d6 6. g3 g6 7. Bg2 Bg7 8. Ne2 e5 9. O-O Nge7 10. h3 O-O 11. d3 b6 12. c3 Bb7 13. g4 Qd7 14. f5 f6 15. Be3 Kh8 16. Qe1 gxf5 17. gxf5 d5 18. Nh2 d4 19. cxd4 Nxd4 20. Nxd4 cxd4 21. Bc1 Rac8 22. Ng4 Rc2 23. Qh4 Nxf5 24. Qe1 Nd6 25. Rf2 Rxf2 26. Qxf2 f5 27. exf5 Nxf5 28. Qe1 Bxg2 29. Kxg2 h5 30. Nxe5 Qd5+ 31. Nf3 Ne3+ 32. Bxe3 Qxf3+ 33. Kh2 Be5+ 0-1

[Event "Portuguese-ch U10-12 2022"]
[Site "Fatima"]
[Date "2022.04.12"]
[Round "5.3"]
[White "Silva, Daniel Medeiros Avel"]
[Black "Savchenko, Alexandr"]
[Result "1-0"]
[ECO "A04"]
[WhiteElo "2024"]
[BlackElo "2130"]
[Annotator "TA"]
[PlyCount "51"]
[EventDate "2022.04.10"]
[EventType "swiss"]
[EventCountry "POR"]
[SourceTitle "playchess.com"]
[Source "ChessBase"]
[SourceQuality "1"]
[TimeControl "5400+30"]

1. Nf3 b6 2. d4 Bb7 3. e3 e6 4. Bd3 Nf6 5. O-O d5 6. c3 Nbd7 7. Nbd2 Bd6 8. Re1 {[%emt 0:00:56] D05: Colle System with ...e6.} c5 {[%emt 0:01:34] [#]} (8... Ne4 {is more complex.} 9. c4 Rc8 10. b3 O-O) 9. Nf1 $146 (9. e4 $11 Nxe4 10. Nxe4 dxe4 11. Bxe4 Bxe4 12. Rxe4) ({Predecessor:} 9. e4 dxe4 10. Nxe4 Nxe4 11. Bxe4 Bxe4 12. Rxe4 O-O 13. dxc5 bxc5 14. Qxd6 {1-0 (14) Cruz,J (2393)-Devaev,A (2325) Chess.com INT 2021}) 9... O-O 10. Ng3 {[%emt 0:01:04] Black is slightly better.} Rc8 11. a4 (11. b3 $15) 11... c4 (11... Ne4 $17) 12. Bb1 a5 13. Nd2 Ba6 (13... Re8 $15) 14. e4 $14 Bc7 {[%emt 0:00:55] Black cannot hold the game after this.} (14... Bxg3 $14 15. hxg3 e5) 15. e5 $18 Ne8 16. Nf3 b5 (16... Qe7 $142 17. Bg5 (17. Qc2 g6 $16) 17... f6) 17. axb5 (17. Qc2 g6 18. Bg5 f6 $18) 17... Bxb5 {[%emt 0:00:08] [#]} (17... Bb7 {was necessary.} 18. Qe2 h6) 18. Bxh7+ $1 Kxh7 19. Ng5+ ({Not} 19. Bg5 f6 20. exf6 Ndxf6 21. Rxe6 Bd7 22. Qc2+ Kg8 $15) 19... Kg8 20. Qh5 Nef6 {[%emt 0:00:42] Inhibits Qh7+.} 21. exf6 Nxf6 22. Qh4 Bxg3 $2 (22... Qd6 23. Re5 Bd8) 23. fxg3 {[%emt 0:03:59] [#] Rf1 is the strong threat. White is clearly winning.} a4 24. Rf1 {[%emt 0:00:40][%cal Of1f6] Threatening mate with Rxf6!} Nh5 25. Qxh5 Qxg5 26. Bxg5 {[%emt 0:00:11] Weighted Error Value: White=0.24 (precise) /Black=0.81} 1-0

[Event "Portuguese-ch U10-12 2022"]
[Site "Fatima"]
[Date "2022.04.12"]
[Round "5.4"]
[White "Fernandes, Martim"]
[Black "Almeida, Diogo Rodrigues Sant"]
[Result "0-1"]
[ECO "B90"]
[WhiteElo "1413"]
[BlackElo "1467"]
[Annotator "NA RC"]
[PlyCount "74"]
[EventDate "2022.04.10"]
[EventType "swiss"]
[EventCountry "POR"]
[SourceTitle "playchess.com"]
[Source "ChessBase"]
[SourceQuality "1"]
[TimeControl "5400+30"]

1. e4 c5 2. Nf3 d6 3. d4 cxd4 4. Nxd4 Nf6 5. Nc3 a6 6. Bc4 Bd7 7. a4 Nc6 8. O-O g6 9. f3 Qb6 10. Nce2 e5 11. a5 Qa7 12. Bg5 Bg7 13. Be3 exd4 14. Nxd4 Qb8 15. Nb3 O-O 16. Bb6 Be6 17. Be2 Nd7 18. Bd4 Nxd4 19. Nxd4 Qa7 20. c3 d5 21. exd5 Bxd5 22. Kh1 Bxd4 23. cxd4 Rac8 24. Qa4 Bc6 25. Qb4 Nf6 26. Qd6 Kg7 27. Rfd1 Rcd8 28. Qb4 Rfe8 29. Bf1 Nd5 30. Qd2 Ne3 31. Re1 Nxf1 32. Rxf1 Qxd4 33. Qc2 Qd2 34. Qb3 Re2 35. Rad1 Qg5 36. Rg1 Rxd1 37. Qxd1 Qd2 0-1

[Event "Portuguese-ch U10-12 2022"]
[Site "Fatima"]
[Date "2022.04.12"]
[Round "5.5"]
[White "Abreu, Duarte Ferreira"]
[Black "Faryma, Matviy"]
[Result "0-1"]
[ECO "C70"]
[WhiteElo "1125"]
[BlackElo "1426"]
[Annotator "NA RC"]
[PlyCount "52"]
[EventDate "2022.04.10"]
[EventType "swiss"]
[EventCountry "POR"]
[SourceTitle "playchess.com"]
[Source "ChessBase"]
[SourceQuality "1"]
[TimeControl "5400+30"]

1. e4 e5 2. Nf3 Nc6 3. Bb5 a6 4. Ba4 b5 5. Bb3 Bc5 6. c3 Nf6 7. Bc2 d6 8. O-O O-O 9. h3 h6 10. Re1 Bb6 11. d4 exd4 12. cxd4 Bb7 13. a3 Re8 14. Nc3 Qd7 15. Bf4 Rad8 16. Qd2 d5 17. e5 Ne4 18. Nxe4 dxe4 19. Rxe4 Nxd4 20. Rxd4 Bxd4 21. Rd1 Bxf3 22. gxf3 Qxh3 23. Be3 c5 24. b4 Qxf3 25. bxc5 Bxe3 26. Qxd8 Bxf2+ 0-1

[Event "Portuguese-ch U10-12 2022"]
[Site "Fatima"]
[Date "2022.04.12"]
[Round "5.6"]
[White "Tarelho, Bruna Silva"]
[Black "Nogueira, Rafael Calade"]
[Result "1/2-1/2"]
[ECO "B10"]
[WhiteElo "1187"]
[BlackElo "1263"]
[Annotator "NA RC"]
[PlyCount "108"]
[EventDate "2022.04.10"]
[EventType "swiss"]
[EventCountry "POR"]
[SourceTitle "playchess.com"]
[Source "ChessBase"]
[SourceQuality "1"]
[TimeControl "5400+30"]

1. e4 c6 2. Nf3 d5 3. Nc3 e6 4. d4 Bb4 5. Bd3 Nf6 6. Qe2 O-O 7. e5 Nfd7 8. O-O h6 9. Bf4 c5 10. Qe1 Nc6 11. a3 Ba5 12. dxc5 d4 13. Nxd4 Nxd4 14. b4 f5 15. bxa5 Qxa5 16. Nb5 Qxe1 17. Rfxe1 Nxb5 18. Bxb5 Nxc5 19. Bc4 a6 20. Rab1 b5 21. Ba2 Re8 22. f3 Bb7 23. Be3 Na4 24. Bd4 Rac8 25. Bb3 Nc3 26. Bxc3 Rxc3 27. Rbd1 a5 28. a4 bxa4 29. Bxa4 Bc6 30. Bxc6 Rxc6 31. Ra1 Rc5 32. f4 g5 33. g3 gxf4 34. gxf4 Ra8 35. Re2 a4 36. Kg2 a3 37. Rd2 Kf7 38. Kh3 a2 39. Kg3 Ra3+ 40. Kg2 Rc4 41. Rf2 Kg6 42. c3 Rcxc3 43. Raxa2 Kh5 44. Rab2 Ra6 45. Rb4 Rac6 46. Rd4 Kg4 47. Rd8 Rc8 48. Rd6 R3c6 49. Rd7 R6c7 50. Rd4 h5 51. Rd3 Rc3 52. Rd7 R3c7 53. Rd3 Rc3 54. Rd7 R3c7 1/2-1/2

[Event "Portuguese-ch U10-12 2022"]
[Site "Fatima"]
[Date "2022.04.12"]
[Round "5.7"]
[White "Araujo, Ricardo Franca P D"]
[Black "Moldovan, Lucas Gabriel"]
[Result "0-1"]
[ECO "B52"]
[WhiteElo "1405"]
[BlackElo "1575"]
[Annotator "NA RC"]
[PlyCount "54"]
[EventDate "2022.04.10"]
[EventType "swiss"]
[EventCountry "POR"]
[SourceTitle "playchess.com"]
[Source "ChessBase"]
[SourceQuality "1"]
[TimeControl "5400+30"]

1. e4 c5 2. Nf3 d6 3. Bb5+ Bd7 4. a4 a6 5. Bxd7+ Qxd7 6. O-O Nf6 7. Re1 Nc6 8. c3 e6 9. d4 d5 10. e5 Ne4 11. Nbd2 Nxd2 12. Bxd2 c4 13. a5 Be7 14. b4 cxb3 15. Qxb3 Na7 16. Be3 Rc8 17. Rec1 O-O 18. Nd2 Nb5 19. Qb2 Rfd8 20. g3 Rc7 21. c4 dxc4 22. Rxc4 Rxc4 23. Nxc4 Nxd4 24. Bxd4 Qxd4 25. Qxb7 Qxa1+ 26. Kg2 Bf8 27. Qc7 Qd4 0-1

[Event "Portuguese-ch U10-12 2022"]
[Site "Fatima"]
[Date "2022.04.12"]
[Round "5.8"]
[White "Arbulu Rocha, Miguel"]
[Black "Filipe, Gustavo Castro"]
[Result "1/2-1/2"]
[ECO "A13"]
[WhiteElo "1931"]
[BlackElo "1401"]
[Annotator "RC"]
[PlyCount "126"]
[EventDate "2022.04.10"]
[EventType "swiss"]
[EventCountry "POR"]
[SourceTitle "playchess.com"]
[Source "ChessBase"]
[SourceQuality "1"]
[TimeControl "5400+30"]

1. Nf3 Nf6 2. g3 e6 3. Bg2 d5 4. c4 dxc4 5. Qa4+ c6 6. Qxc4 Be7 7. O-O O-O 8. d4 Nbd7 9. Nc3 Nb6 10. Qd3 c5 11. e3 Qc7 12. Rd1 a6 13. b3 Rd8 14. Bb2 cxd4 15. exd4 Nbd5 16. Rac1 Qd6 17. Ne5 b5 18. Qe2 Bb7 19. a4 Nxc3 20. Rxc3 Bxg2 21. Kxg2 bxa4 22. bxa4 Rdc8 23. Rdc1 Qd5+ 24. Kg1 Qb7 25. Qc2 Rxc3 26. Qxc3 Nd5 27. Qc2 f6 28. Nd3 Nb4 29. Qb3 Qd5 30. Qxd5 Nxd5 31. Nc5 e5 32. dxe5 fxe5 33. Bxe5 Rc8 34. Nd3 Rxc1+ 35. Nxc1 Nb6 36. a5 Nc4 37. Bc3 Bd8 38. Nb3 Kf7 39. Kf1 g6 40. Ke2 Ke6 41. Nc5+ Kd5 42. Nxa6 Bxa5 43. Bxa5 Nxa5 44. Nc7+ Kd6 45. Nb5+ Ke5 46. f4+ Kf5 47. Kf3 Nc6 48. g4+ Kf6 49. Ke4 h6 50. h4 g5 51. h5 gxf4 52. Kxf4 Nb4 53. Nd4 Nd3+ 54. Kg3 Ne5 55. Nf3 Nd3 56. Kh4 Nf4 57. Kg3 Nd3 58. Nd2 Ke5 59. g5 hxg5 60. Kg4 Nf4 61. h6 Kf6 62. Ne4+ Kg6 63. Nxg5 Kxh6 1/2-1/2

[Event "Portuguese-ch U10-12 2022"]
[Site "Fatima"]
[Date "2022.04.13"]
[Round "6.1"]
[White "Farias, David Nuno M E"]
[Black "De Sousa Silva, Lucas Jose"]
[Result "1-0"]
[ECO "C78"]
[WhiteElo "1826"]
[BlackElo "1656"]
[Annotator "NA RC"]
[PlyCount "83"]
[EventDate "2022.04.10"]
[EventType "swiss"]
[EventCountry "POR"]
[SourceTitle "playchess.com"]
[Source "ChessBase"]
[SourceQuality "1"]
[TimeControl "5400+30"]

1. e4 e5 2. Nf3 Nc6 3. Bb5 a6 4. Ba4 Nf6 5. O-O b5 6. Bb3 Bc5 7. c3 d6 8. d4 Bb6 9. h3 h6 10. Be3 O-O 11. Qe2 Bb7 12. Nbd2 Re8 13. d5 Nb8 14. Bxb6 cxb6 15. Nh4 g6 16. Bc2 Bc8 17. Nhf3 Bd7 18. Qe3 Kg7 19. a4 bxa4 20. Nc4 Bb5 21. Nxb6 Bxf1 22. Nxa8 $16 ({Don't take} 22. Kxf1 Ra7 $14) 22... Nbd7 23. Kxf1 Qxa8 (23... Qb8 $16 {was necessary.}) 24. Bxa4 a5 25. c4 (25. Bb5 $18) 25... Qb7 26. Bb5 Ra8 27. Qe1 Nb8 28. Rxa5 Rxa5 29. Qxa5 Nxe4 30. Ke2 f5 31. Nd2 Nf6 32. Qd8 Nbd7 33. Qe7+ Kh8 34. Qxd6 Qa7 35. b4 e4 36. c5 f4 37. Bxd7 Nxd7 38. Nxe4 Qa2+ 39. Nd2 Qa7 40. Qxf4 Qb7 41. c6 Qa6+ 42. Qc4 1-0

[Event "Portuguese-ch U10-12 2022"]
[Site "Fatima"]
[Date "2022.04.13"]
[Round "6.2"]
[White "Albuquerque, Eduardo Ferreira"]
[Black "Silva, Daniel Medeiros Avel"]
[Result "0-1"]
[ECO "E06"]
[WhiteElo "1828"]
[BlackElo "2024"]
[Annotator "TA"]
[PlyCount "45"]
[EventDate "2022.04.10"]
[EventType "swiss"]
[EventCountry "POR"]
[SourceTitle "playchess.com"]
[Source "ChessBase"]
[SourceQuality "1"]
[TimeControl "5400+30"]

1. d4 d5 2. c4 e6 3. Nf3 Nf6 4. g3 Be7 5. Bg2 O-O 6. O-O dxc4 7. Qc2 a6 8. Qxc4 b5 9. Qc2 Bb7 10. Bf4 Nc6 11. Rd1 Nb4 12. Qc1 Rc8 {[%emt 0:22:25] E05: Open Catalan: 5 Nf3 Be7.} 13. a3 (13. Nc3 $11) 13... Nbd5 $15 14. Nc3 c5 $1 {[%emt 0:26:45] Black is slightly better.} 15. Nxd5 Bxd5 {[%emt 0:06:37] [#]} 16. Qd2 $146 ({Predecessor:} 16. dxc5 Rxc5 17. Qb1 Qa8 18. Be3 Rc4 19. Rd4 Ng4 20. Rxc4 bxc4 21. Bd4 Be4 22. Qf1 {0-1 (57) Pribyl,J (2256)-Heika,M (2270) Bayern 2018}) 16... Qb6 17. dxc5 Bxc5 {[%emt 0:00:22] [#] ...Ne4 is the strong threat.} 18. Nd4 $2 (18. e3 $11 {and White has nothing to worry.}) 18... Rfd8 $2 (18... Bxg2 $19 19. Kxg2 Rfd8) 19. e3 $2 (19. b4 $17 {was forced.} Be7 20. Qe3) 19... Bxg2 $19 20. Kxg2 Qb7+ 21. f3 Rd5 22. Qf2 (22. Qe2 $142 e5 23. e4 Rxd4 24. Bxe5 Rxd1 25. Rxd1) 22... e5 23. Qc2 {White did not feel at home in the position after the opening.  Weighted Error Value: White=1.06/Black=0.56} (23. Bxe5 $142 Rxe5 24. h3) 0-1

[Event "Portuguese-ch U10-12 2022"]
[Site "Fatima"]
[Date "2022.04.13"]
[Round "6.3"]
[White "Faryma, Matviy"]
[Black "Almeida, Diogo Rodrigues Sant"]
[Result "1-0"]
[ECO "C01"]
[WhiteElo "1426"]
[BlackElo "1467"]
[Annotator "NA RC"]
[PlyCount "39"]
[EventDate "2022.04.10"]
[EventType "swiss"]
[EventCountry "POR"]
[SourceTitle "playchess.com"]
[Source "ChessBase"]
[SourceQuality "1"]
[TimeControl "5400+30"]

1. e4 e6 2. d4 d5 3. exd5 exd5 4. Nf3 Nf6 5. Bd3 Bd6 6. h3 O-O 7. O-O Nbd7 8. Bg5 h6 9. Bh4 c5 10. dxc5 Nxc5 11. Nc3 Nxd3 12. Qxd3 Be6 13. Nd4 a6 14. Rfe1 Re8 15. Nxe6 fxe6 16. Qg6 b5 17. Ne2 Be7 18. Nf4 Qb6 19. Rxe6 Qd4 20. Bxf6 1-0